 Dungeon Crawl Stone Soup version 0.17-a0-1105-gbe8b664 (webtiles) character file.

205 onwiheg the Slasher (level 6, 0/47 HPs)
             Began as a Formicid Berserker on May 21, 2015.
             Was a Believer of Trog.
             Succumbed to a killer bee's poison
             ... on level 2 of the Dungeon.
             The game lasted 00:06:42 (2302 turns).

onwiheg the Slasher (Formicid Berserker)            Turns: 2302, Time: 00:06:42

Health: 0/47       AC:  7    Str: 20 (24) XL:     6   Next: 9%
Magic:  6/6        EV: 10    Int:  6      God:    Trog [**....]
Gold:   128        SH:  0    Dex: 10      Spells: 0 memorised, 5 levels left

rFire  . . .     SeeInvis +     a - +0 falchion
rCold  . . .     Clarity  .     k - +0 scale mail
rNeg   . . .     SustAb   .     (no shield)
rPois  .         Gourm    .     (helmet unavailable)
rElec  .         Spirit   .     o - +0 cloak
rCorr  .         Warding  .     (no gloves)
rMut   .         Stasis   +     (no boots)
MR     .....                    (no amulet)
Stlth  ..........               (no ring)
                                (no ring)

@: lethally poisoned (0 -> -8), not resistant to hostile enchantments, extremely
unstealthy
A: permanent stasis, dig shafts and tunnels, four strong arms, antennae 3
a: Dig, Shaft Self, Burn Spellbooks, Trog's Hand, Renounce Religion


You were on level 2 of the Dungeon.
You worshipped Trog.
Trog was pleased with you.
You were very hungry.

You visited 1 branch of the dungeon, and saw 3 of its levels.

You collected 128 gold pieces.

Inventory:

Hand weapons
 a - a +0 falchion (weapon)
Armour
 k - a +0 scale mail (worn)
 o - a +0 cloak (worn)
Magical devices
 p - a wand of fireball (0)
Scrolls
 d - a scroll of blinking {unknown}
 e - a scroll of fear {unknown}
 j - a scroll of identify {unknown}
Potions
 g - 2 potions of agility
Comestibles
 c - 3 bread rations
 f - 2 meat rations
 m - a beef jerky
 n - 4 fruits


   Skills:
 - Level 3.2 Fighting
 + Level 6.3 Long Blades
 - Level 2.1 Armour
 - Level 1.7 Dodging


You had 5 spell levels left.
You didn't know any spells.

Dungeon Overview and Level Annotations

Branches:
Dungeon (3/15)

Altars:


Innate Abilities, Weirdness & Mutations

You are under a permanent stasis effect.
You can dig through walls and to a lower floor.
Your four strong arms can wield two-handed weapons with a shield.
You have a pair of large antennae on your head (SInv).


Message History

* * * LOW HITPOINT WARNING * * *
You feel sick.
The quokka bites you but does no damage.
You hit the quokka but do no damage.
The quokka is lightly wounded.
* * * LOW HITPOINT WARNING * * *
You feel sick.
The quokka bites you but does no damage.
You barely miss the quokka.
The quokka is lightly wounded.
* * * LOW HITPOINT WARNING * * *
You feel sick. The quokka closely misses you.
You are too injured to fight recklessly!
You are too injured to fight recklessly!
You are too injured to fight recklessly!
You are too injured to fight recklessly!
You are too injured to fight recklessly!
You closely miss the quokka.
The quokka is lightly wounded.
You die...

#.########......#..##.#.......
####.#≈≈≈≈≈≈##.#.#.......#.......
.....#≈♣♣.♣≈##...##.#...###......
.#####≈.♣.♣.'....[..#.#..###....#
.#####≈♣.♣).'......##.##.........
.....#≈♣.♣♣≈#..........#########.
.#####≈≈≈≈≈≈#........#(## ##
#....########...r..#)#..## ######
................@..#.....###.....
...........######.####.#..##.####
...........####...# #.....#(#
..)........##..>#######...((.#
..............##...........###
....##...######..#######...#
^...............## #...#
..############### ##.## ..# ###


You could see a quokka.

Vanquished Creatures
  2 killer bees
  A centaur zombie (D:2)
  4 adders (D:2)
  An ooze (D:2)
  2 worms (D:2)
  3 giant cockroaches
  8 goblins
  6 hobgoblins
  A quokka (D:2)
  3 ball pythons
  2 bats
  5 giant newts
  5 kobolds
  8 rats
51 creatures vanquished.

Notes
Turn   | Place    | Note
--------------------------------------------------------------
     0 | D:1      | onwiheg the Formicid Berserker began the quest for the Orb.
     0 | D:1      | Reached XP level 1. HP: 18/18 MP: 1/1
   399 | D:1      | Reached XP level 2. HP: 24/24 MP: 2/2
   930 | D:2      | Reached skill level 4 in Long Blades
   930 | D:2      | Reached XP level 3. HP: 12/29 MP: 3/3
  1232 | D:2      | Acquired Trog's second power
  1318 | D:2      | Reached XP level 4. HP: 16/35 MP: 4/4
  1729 | D:2      | Reached skill level 5 in Long Blades
  2000 | D:2      | Reached XP level 5. HP: 7/41 MP: 5/5
  2005 | D:2      | HP: 2/41 [poisoned by a killer bee]
  2011 | D:2      | HP: 2/41 [poisoned by a killer bee]
  2292 | D:3      | Reached skill level 6 in Long Blades
  2292 | D:3      | Reached XP level 6. HP: 19/47 MP: 6/6
  2300 | D:2      | HP: 2/47 [poisoned by a killer bee]
  2302 | D:2      | Succumbed to a killer bee's poison

Vault maps used:
D:1:      minmay_arrival_four_circles
D:2:      kennysheep_generic_room_12
D:3:      nicolae_overflow_hidden_temple, minmay_misc_feat_room,
          hangedman_decor_growths, uniq_iyjb

Action                   |  1- 3 |  4- 6 || total
-------------------------+-------+-------++-------
Melee: Falchion          |   128 |    71 ||   199
Invok: Trog's Hand       |       |     1 ||     1
 Abil: Dig               |     1 |     2 ||     3
Evoke: Wand              |       |     4 ||     4
  Use: Potion            |       |     5 ||     5
  Eat: Chunk             |     1 |     3 ||     4
